 Dungeon Crawl Stone Soup version 0.28-a0-1506-g3893175d92 (webtiles) character file.

Game seed: 15220975904040548809

65909 hatsuma the Blocker (level 15, -4/123 HPs)
             Began as a Formicid Abyssal Knight on Jan 6, 2022.
             Was the Champion of Lugonu.
             Slain by an orc warrior (13 damage)
             ... on level 2 of the Orcish Mines on Jan 14, 2022.
             The game lasted 02:08:15 (24352 turns).

hatsuma the Blocker (Formicid Abyssal Knight)      Turns: 24352, Time: 02:08:16

Health: -4/123     AC: 25    Str: 25    XL:     15   Next: 60%
Magic:  21/25      EV: 12    Int:  8    God:    Lugonu [******]
Gold:   1644       SH: 11    Dex: 17    Spells: 18/18 levels left

rFire   . . .      SeeInvis +   L - +1 double sword (distort)
rCold   . . .      Faith    +   b - +3 buckler
rNeg    + . .      Spirit   .   e - +1 plate armour of Koig Wyj {Contam Harm Dex+5 Slay+3}
rPois   +          Reflect  .   (helmet unavailable)
rElec   .          Harm     +   r - +2 ratskin cloak {*Rats rPois rN+ Str-1 Int-1 Dex+1}
rCorr   .          Rampage  .   K - +0 pair of gloves
Will    +....                   (no boots)
Stlth   ..........              D - amulet of faith
HPRegen 0.30/turn               j - +4 ring of protection
MPRegen 0.19/turn               O - +4 ring of evasion

@: no status effects
A: permanent stasis, dig shafts and tunnels, antennae 3, four strong arms
a: Dig, Shaft Self, Renounce Religion, Depart the Abyss, Bend Space, Banish,
Corrupt, Enter the Abyss, Brand Weapon With Distortion


You were on level 2 of the Orcish Mines.
You worshipped Lugonu.
Lugonu was exalted by your worship.
You visited 3 branches of the dungeon, and saw 20 of its levels.
You visited the Abyss 1 time.

You collected 1644 gold pieces.

Inventory:

Hand Weapons
 L - a +1 double sword of distortion (weapon)
Missiles
 d - 607 stones
 v - 2 throwing nets
 G - 5 boomerangs of dispersal
Armour
 b - a +3 buckler (worn)
 e - the +1 plate armour of Koig Wyj (worn) {Contam Harm Dex+5 Slay+3}
   (You found it on level 4 of the Dungeon)

   Dex:       It affects your dexterity (+5).
   Slay:      It affects your accuracy & damage with ranged weapons and melee
   (+3).
   Contam:    It causes magical contamination when unequipped.
   Harm:      It increases damage dealt and taken.
 r - the +2 ratskin cloak (worn) {*Rats rPois rN+ Str-1 Int-1 Dex+1}
   (You found it on level 3 of the Dungeon)

   When the wearer is hurt, rats may emerge from it to assist them.
   Str:       It affects your strength (-1).
   Int:       It affects your intelligence (-1).
   Dex:       It affects your dexterity (+1).
   rPois:     It protects you from poison.
   rN:        It protects you from negative energy.
 K - a +0 pair of gloves (worn)
Jewellery
 j - a +4 ring of protection (left hand)
 k - a ring of resist corrosion
 p - a ring of fire
 w - a ring of magical power
 D - an amulet of faith (around neck)
 J - a ring of poison resistance
 O - a +4 ring of evasion (right hand)
Wands
 t - a wand of paralysis (13)
 C - a wand of iceblast (17)
 F - a wand of acid (12)
 M - a wand of digging (11)
 N - a wand of mindburst (6)
Scrolls
 h - 5 scrolls of immolation
 l - 3 scrolls of fear {unknown}
 m - 4 scrolls of fog
 s - a scroll of torment {unknown}
 u - 3 scrolls of vulnerability
 x - 2 scrolls of summoning {unknown}
 y - 4 scrolls of enchant weapon {unknown}
 B - 3 scrolls of brand weapon
 H - 3 scrolls of blinking {unknown}
 I - 5 scrolls of enchant armour
 S - 2 scrolls of amnesia
Potions
 a - 5 potions of flight {unknown}
 c - a potion of invisibility
 g - 6 potions of heal wounds
 i - 5 potions of brilliance
 n - 9 potions of curing
 o - a potion of attraction {unknown}
 q - 2 potions of lignification {unknown}
 z - 2 potions of resistance
 A - a potion of magic {unknown}
 E - 4 potions of might {unknown}
 P - 2 potions of mutation {unknown}
 Q - a potion of berserk rage {unknown}
 R - a potion of cancellation {unknown}
Miscellaneous
 T - a condenser vane
 V - a lightning rod (4/4)


   Skills:
 - Level 13.0 Fighting
 - Level 12.2 Long Blades
 - Level 2.0(5.0) Axes
 - Level 7.3(7.4) Polearms
 + Level 12.3 Armour
 - Level 2.0 Dodging
 - Level 3.6 Stealth
 - Level 14.0 Shields
 - Level 2.4 Spellcasting
 - Level 14.0 Invocations
 - Level 7.0 Evocations


You had 18 spell levels left.
You didn't know any spells.
Your spell library contained the following spells:

 Spells                   Type           Power      Damage    Failure   Level
 Freeze                   Ice            0%         1d3       98%         1
 Magic Dart               Conj           0%         1d3       98%         1
 Summon Small Mammal      Summ           0%         N/A       98%         1
 Call Imp                 Summ           0%         N/A       99%         2
 Passwall                 Tmut/Erth      0%         N/A       99%         2
 Sublimation of Blood     Necr           0%         N/A       99%         2
 Wereblood                Tmut           0%         N/A       99%         2
 Call Canine Familiar     Summ           0%         N/A       100%        3
 Frozen Ramparts          Ice            0%         1d2       100%        3
 Mephitic Cloud           Conj/Pois/Air  0%         N/A       100%        3
 Summon Guardian Golem    Hex/Summ       0%         N/A       100%        3
 Airstrike                Air            0%         N/A       100%        4
 Hailstorm                Conj/Ice       0%         3d3       100%        4
 Summon Lightning Spire   Summ/Air       0%         N/A       100%        4
 Alistair's Intoxication  Tmut/Pois      0%         N/A       100%        5
 Borgnjor's Vile Clutch   Necr/Erth      0%         N/A       100%        5
 Lightning Bolt           Conj/Air       0%         1d11      100%        5
 Eringya's Noxious Bog    Tmut/Pois      0%         N/A       100%        6
 Summon Hydra             Summ           0%         N/A       100%        7
 Swiftness                Air            Unusable   N/A       N/A         3

Dungeon Overview and Level Annotations

Branches:
Dungeon (12/15)            Temple (0/1) D:5            Lair (6/6) D:9
 Shoals (0/4) Lair:3       Spider (0/4) Lair:2        Slime (0/5) Lair:5
    Orc (2/2) D:10            Elf (0/3) Orc:2

Altars:
Gozag
Kikubaaqudgha
Okawaru
Qazlal
Ru
Zin
The Shining One
Jiyva

Shops:
D:3 [   D:7 (   D:12 [

Annotations:
D:12 3 runed translucent doors, sirJeffrey23's ghost, journeyman DsGl
Lair:2 1 runed translucent door, snarfax's ghost, journeyman MiFi
Lair:5 corrupted
Lair:6 3 runed translucent doors, shadowrider38's ghost, journeyman MfVM
Abyss:1 Fannar; Snorg


Innate Abilities, Weirdness & Mutations

You cannot be hasted, slowed, berserked, paralysed or teleported.
You can dig through walls and to a lower floor.
You have a pair of large antennae on your head. (SInv)
Your four strong arms can wield two-handed weapons with a shield.


Message History

The orc warrior hits your hell rat with a +0 long sword!!
Your hell rat dies!
The orc wizard gestures at you while chanting.
The magic dart hits you but does no damage.
The orc warrior shouts!
You are too confused!
You slice the orc warlord!!
Space warps around the orc warlord.
The orc warlord is moderately wounded.
The orc warrior hits you but does no damage.
You slash the orc warlord!
The orc warlord is heavily wounded.
The orc warlord blinks!
The orc warrior hits you from afar with a +0 halberd!
The orc wizard hits you but does no damage.
You slice the orc wizard!!
You kill the orc wizard!
Lugonu accepts your kill. The orc warlord closely misses you.
The orc warrior hits you with a +0 long sword!
The orc warrior hits you from afar with a +0 halberd!!
You feel less confused.
The orc warlord hits you but does no damage.
You slice the orc warlord!!
The orc warlord is heavily wounded.
The orc warlord blinks!
The orc warrior closely misses you.
You slice the orc warlord!!
Space warps around the orc warlord.
The orc warlord is almost dead.
The orc warlord hits you with a +1 long sword!!
* * * LOW HITPOINT WARNING * * *
A hell rat scurries out from under your cloak.
The ogre completely misses you. You block the orc warrior's attack. x2
Press: ? - help, Shift-Dir - straight line, f - orc warlord
Aim: an orc warlord, wielding a +1 long sword and wearing a +0 plate armour (almost dead, ally target, chance to affect: 61%)
The orc warlord is devoured by a tear in reality.
Lugonu claims a new guest.
The ogre completely misses you.
Your hell rat bites the orc warrior!
The orc warrior hits you from afar with a +0 halberd!
* * * LOW HITPOINT WARNING * * *
The orc warrior hits you with a +0 long sword!
You die...

..........#......#....##
#.....#..####.....#)###
#.....#.## #........#
#8.{.8# #.......##
..{{.# ##........##
o...o# #..........##
.o.o... #...§.§.....#
...o...#####..§§§....##
{ { ....8...O@o...##
........r.....#
........)o...## {
.......).....##
...8..........# {
####........##
##.........##
#...........#
##...>.....##


You could see 2 orc warriors, an ogre and a friendly hell rat.

Vanquished Creatures
  Rupert (Lair:4)
  Erolcha (Orc:2)
  Harold (Lair:2)
  2 boulder beetles
  2 catoblepae (Lair:5)
  A merfolk avatar (Lair:6)
  An orc high priest (Orc:2)
  Urug (D:10)
  2 sea snakes (Lair:6)
  Pikel (D:7)
  2 harpies (Lair:6)
  3 orc knights (Orc:2)
  A lindwurm (Lair:6)
  2 orc sorcerers
  2 manticores
  10 elephants
  4 gargoyles
  4 black mambas
  A centaur zombie (D:11)
  Maurice (D:8)
  A torpor snail (Lair:6)
  10 cane toads
  4 rime drakes
  9 komodo dragons
  6 trolls
  A wind drake (Lair:6)
  2 hornets
  3 polar bears (Lair:6)
  24 blink frogs
  2 jumping spiders (Lair:2)
  A wraith (D:11)
  A shadow (D:10)
  A vampire (D:10)
  5 basilisks
  45 yaks
  10 wyverns
  6 vampire mosquitoes
  4 redbacks (Lair:2)
  2 wargs
  4 acid dragons
  25 water moccasins
  12 orc warriors
  7 black bears
  A sky beast (D:7)
  An ice beast (D:8)
  5 ogres
  15 wolves
  3 centaurs
  A lemure (D:7)
  A phantom (D:6)
  A gnoll sergeant (D:7)
  6 bullfrogs
  A wyvern zombie (D:9)
  A scorpion (D:6)
  A water moccasin zombie (D:5)
  3 killer bees (D:8)
  4 wights (D:6)
  2 electric eels
  A howler monkey (D:8)
  A bullfrog zombie (D:6)
  2 hounds
  21 orc priests
  A bullfrog skeleton (D:4)
  A jelly (D:4)
  10 hell rats
  Natasha (thrice) (D:3)
  2 iguanas (D:7)
  17 orc wizards
  A hound skeleton (D:4)
  A howler monkey zombie (D:9)
  2 gnolls (D:8)
  4 adders
  2 shadow imps (D:6)
  An ufetubus (D:5)
  2 worms (D:2)
  2 dart slugs
  57 orcs
  7 bats
  12 endoplasms
  A giant cockroach (D:4)
  7 goblins
  8 hobgoblins
  4 quokkas
  8 ball pythons
  5 frilled lizards
  6 kobolds
  7 rats
470 creatures vanquished.

Vanquished Creatures (collateral kills)
  A hydra (Lair:3)
  3 yaks
  A centaur skeleton (D:7)
  A gnoll (D:7)
6 creatures vanquished.

Vanquished Creatures (others)
  A manticore (Lair:5)
  2 oklob plants (Lair:5)
  3 cane toads (Lair:5)
  3 rime drakes (Lair:5)
  8 wyverns (Lair:5)
  4 basilisks (Lair:5)
  2 hell hounds (Lair:5)
  6 hell rats (Lair:5)
  18 bushes
  49 fungi
  82 plants
178 creatures vanquished.

Grand Total: 654 creatures vanquished

Notes
Turn   | Place    | Note
-------+----------+-------------------------------------------
     0 | Abyss:1  | hatsuma the Formicid Abyssal Knight began the quest for the
                  | Orb.
     0 | Abyss:1  | Reached XP level 1. HP: 18/18 MP: 2/2
     0 | D:1      | Escaped the Abyss
   274 | D:1      | Reached * piety under Lugonu
   275 | D:1      | Reached skill level 1 in Dodging
   334 | D:1      | Reached XP level 2. HP: 24/24 MP: 4/4
  1049 | D:2      | Reached XP level 3. HP: 29/29 MP: 5/5
  1055 | D:2      | Found a faded altar of an unknown god.
  1464 | D:2      | Identified a scroll of acquirement
  1466 | D:2      | Acquired the +7 spear of Noon {venom, rElec rN++ Int+2}
  1706 | D:2      | Reached ** piety under Lugonu
  1719 | D:2      | Reached skill level 1 in Polearms
  1719 | D:2      | Reached XP level 4. HP: 35/35 MP: 6/6
  1993 | D:3      | Found Vietev's Armour Shop.
  2006 | D:3      | Noticed Natasha
  2011 | D:3      | Killed Natasha
  2084 | D:3      | Noticed Natasha
  2090 | D:3      | Killed Natasha
  2091 | D:3      | Reached skill level 1 in Shields
  2091 | D:3      | Reached XP level 5. HP: 41/41 MP: 7/7
  2108 | D:3      | Noticed Natasha
  2117 | D:3      | Killed Natasha
  2258 | D:3      | Found the +2 ratskin cloak {*Rats rPois rN+ Str-1 Int-1
                  | Dex+1}
  2487 | D:3      | Found an opulent altar of Gozag.
  2920 | D:4      | Noticed an ogre
  2935 | D:4      | Killed an ogre
  2936 | D:4      | Reached XP level 6. HP: 47/47 MP: 7/9
  2994 | D:4      | Reached skill level 1 in Stealth
  3443 | D:4      | Identified the +1 plate armour of Koig Wyj {Contam Harm
                  | Dex+5 Slay+3}
  3466 | D:4      | Reached *** piety under Lugonu
  3480 | D:4      | Reached XP level 7. HP: 47/52 MP: 10/10
  3750 | D:5      | Entered Level 5 of the Dungeon
  4190 | D:5      | Found a staircase to the Ecumenical Temple.
  4338 | D:5      | Found an iron altar of Okawaru.
  4344 | D:5      | Found an ancient bone altar of Kikubaaqudgha.
  4595 | D:6      | Reached XP level 8. HP: 48/60 MP: 11/11
  4796 | D:6      | Reached skill level 5 in Armour
  4938 | D:6      | Reached skill level 5 in Invocations
  5096 | D:6      | Reached skill level 5 in Shields
  5294 | D:6      | Found a sacrificial altar of Ru.
  5294 | D:6      | Found a stormy altar of Qazlal.
  5362 | D:7      | Reached XP level 9. HP: 40/65 MP: 11/13
  5487 | D:7      | Noticed Pikel
  5508 | D:7      | Killed Pikel
  5528 | D:7      | Reached **** piety under Lugonu
  6021 | D:7      | Found a glowing silver altar of Zin.
  6088 | D:7      | Found Boawnoy's Antique Weapon Shoppe.
  6483 | D:8      | Reached skill level 5 in Polearms
  6502 | D:8      | Reached XP level 10. HP: 69/73 MP: 16/16
  6541 | D:8      | Reached skill level 5 in Fighting
  6598 | D:8      | Found a glowing golden altar of the Shining One.
  6808 | D:8      | Noticed Maurice
  6823 | D:8      | Killed Maurice
  7307 | D:9      | Reached ***** piety under Lugonu
  7312 | D:9      | Identified the +0 dagger "Taunevis" {freeze, Str+4}
  8468 | D:9      | Found a staircase to the Lair.
  8512 | Lair:1   | Entered Level 1 of the Lair of Beasts
  8513 | Lair:1   | Upgraded the game from 0.28-a0-1404-g4df0f3684d to
                  | 0.28-a0-1506-g3893175d92
  8532 | Lair:1   | Reached XP level 11. HP: 84/89 MP: 17/17
  8537 | Lair:1   | Noticed a seven-headed hydra
  8883 | D:10     | Entered Level 10 of the Dungeon
  9142 | D:10     | Noticed a two-headed ogre
  9144 | D:10     | Found a staircase to the Orcish Mines.
  9146 | D:10     | Banished a two-headed ogre
  9461 | D:10     | Noticed a boulder beetle
  9478 | D:10     | Killed a boulder beetle
  9976 | D:10     | Noticed Urug
  9983 | D:10     | Killed Urug
 10631 | D:11     | Reached skill level 5 in Long Blades
 11562 | D:12     | Reached XP level 12. HP: 95/95 MP: 18/18
 11795 | D:12     | Noticed Fannar
 11798 | D:12     | Banished Fannar
 11799 | D:12     | Reached skill level 10 in Long Blades
 12242 | D:12     | Found a runed translucent gate.
 12242 | D:12     | Found a runed translucent gate.
 12242 | D:12     | Noticed an azure jelly
 12242 | D:12     | Noticed a quicksilver ooze
 12243 | D:12     | Found a runed translucent gate.
 12243 | D:12     | Noticed an acid blob
 12243 | D:12     | Noticed an acid blob
 12243 | D:12     | Noticed an azure jelly
 12243 | D:12     | Noticed sirJeffrey23's ghost (journeyman DsGl)
 12243 | D:12     | Noticed an azure jelly
 12244 | D:12     | Noticed an azure jelly
 12244 | D:12     | Noticed an acid blob
 12245 | D:12     | Noticed an azure jelly
 12246 | D:12     | Found a viscous altar of Jiyva.
 12469 | D:12     | Noticed a boulder beetle
 12486 | D:12     | Killed a boulder beetle
 12487 | D:12     | Reached skill level 10 in Shields
 12628 | D:12     | Found Veegaemn's Armour Emporium.
 12852 | Lair:1   | Banished a seven-headed hydra
 13206 | Lair:1   | Noticed a four-headed hydra
 13218 | Lair:1   | Banished a seven-headed hydra
 13251 | Lair:1   | Reached skill level 10 in Invocations
 13690 | Lair:1   | Reached XP level 13. HP: 101/101 MP: 21/21
 14114 | Lair:1   | Reached skill level 10 in Fighting
 14374 | Lair:1   | Noticed an eight-headed hydra
 14376 | Lair:1   | Banished an eight-headed hydra
 14377 | Lair:1   | Reached skill level 10 in Armour
 14485 | Lair:1   | Reached skill level 1 in Evocations
 14736 | Lair:2   | Noticed an eight-headed hydra
 14915 | Lair:2   | Found a hole to the Spider Nest.
 14991 | Lair:2   | Banished an eight-headed hydra
 14997 | Lair:2   | Noticed Harold
 15016 | Lair:2   | Killed Harold
 15153 | Lair:2   | Found a runed translucent door.
 15154 | Lair:2   | Noticed snarfax's ghost (journeyman MiFi)
 16041 | Lair:3   | Noticed a six-headed hydra
 16044 | Lair:3   | Banished a seven-headed hydra
 16045 | Lair:3   | Reached skill level 5 in Evocations
 16164 | Lair:3   | Noticed a five-headed hydra
 16175 | Lair:3   | Killed a ten-headed hydra
 16648 | Lair:3   | Reached XP level 14. HP: 102/110 MP: 23/23
 16679 | Lair:3   | Found a staircase to the Shoals.
 16920 | Lair:3   | Reached skill level 1 in Spellcasting
 17384 | Lair:4   | Noticed Rupert
 17404 | Lair:4   | Killed Rupert
 18142 | Lair:4   | Noticed Snorg
 18152 | Lair:4   | Banished Snorg
 19038 | Lair:5   | Corrupted Lair:5
 19038 | Lair:5   | Noticed a lorocyproca
 19038 | Lair:5   | Noticed a lich
 19071 | Lair:5   | Noticed a lich
 19674 | Lair:5   | Found a staircase to the Slime Pits.
 19902 | Lair:6   | Entered Level 6 of the Lair of Beasts
 20895 | Lair:6   | Reached XP level 15. HP: 91/119 MP: 24/24
 22149 | Lair:6   | Found a runed translucent gate.
 22149 | Lair:6   | Found a runed translucent gate.
 22149 | Lair:6   | Found a runed translucent gate.
 22149 | Lair:6   | Noticed shadowrider38's ghost (journeyman MfVM)
 22206 | Lair:6   | Identified the +2 robe "Asiastroe" {Drain Fly MP+9 Int+3}
 22212 | Lair:6   | Identified the +1 trident "Huanlor" {speed, *Noise Will+
                  | Stlth+}
 22639 | Orc:1    | Entered Level 1 of the Orcish Mines
 23158 | Orc:2    | Entered Level 2 of the Orcish Mines
 23724 | Orc:2    | Noticed Erolcha
 23740 | Orc:2    | Killed Erolcha
 23922 | Orc:2    | Reached ****** piety under Lugonu
 24192 | Orc:2    | Found a staircase to the Elven Halls.
 24335 | Orc:2    | Noticed an orc warlord
 24352 | Orc:2    | Banished an orc warlord
 24352 | Orc:2    | Slain by an orc warrior

Illustrated notes

Levels and vault maps discovered:
D:1:      matt_arrival_refuge, layout_basic, minmay_fountain_box
D:2:      layout_basic, serial_glass, glass_columns_a, glass_columns_c,
          item_on_display_a, item_on_display_a, item_on_display_a,
          minmay_strange_pillars, basic_ecumenical_altar
D:3:      layout_loops_corners, overflow_temple_1_default, serial_shops, shop,
          hangedman_decor_points, uniq_natasha
D:4:      minmay_inner_zag, layout_basic, serial_park_tiny_pond
D:5:      layout_loops_ring, minitemple, minmay_temple_entry_statues_pillars
D:6:      layout_basic, gammafunk_temple_overflow_pools,
          nicolae_concentric_dashed_squares_wild
D:7:      layout_cave_pools, zin_treasury, serial_rivers,
          chequers_serial_rivers_marsh, chequers_serial_rivers_micro_a,
          chequers_serial_rivers_micro_a, chequers_serial_rivers_marsh,
          serial_shops, nicolae_shop_statue_plus, water_maze_lemuel, uniq_pikel
D:8:      layout_rooms, nicolae_tso_carved_into_rock, uniq_maurice
D:9:      layout_roguey, erik_lair_dragon
D:10:     layout_basic, erik_orc_4, minmay_misc_feat_more_columns, uniq_urug
D:11:     layout_cave_pods
D:12:     layout_rooms, serial_shops, shop, gammafunk_ghost_ooze,
          palyth_stone_intersect, uniq_fannar
Lair:1:   layout_concentric_octagons, beast_lair_carwin_9
Lair:2:   layout_chaotic_city, nicolae_spider_entry_tight_spaces,
          ebering_ghost_inner_flame, grunt_megastairs_2, uniq_harold
Lair:3:   layout_chaotic_city, elwin_shoals_entry_rocks, patterned_corridor
Lair:4:   layout_regular_city, cheibrodos_lair_caveside_slide, uniq_rupert,
          uniq_snorg
Lair:5:   layout_gridlike, minmay_slime_entry_oklob_open, special_room
          [special_room_mythical_zoo], lemuel_fruit_tree, serial_bayou_shore_b,
          serial_bayou_shore_b
Lair:6:   gammafunk_lair_ancient_temple, layout_big_grid,
          gammafunk_ghost_hydra_chop, st_stairs_6, minmay_hedge_maze
Orc:1:    layout_caves
Orc:2:    grunt_orc_cross, layout_caves, uniq_erolcha

Skill      XL: |  1  2  3  4  5  6  7  8  9 10 11 12 13 14 15 |
---------------+----------------------------------------------+-----
Dodging        | 1 2 |  2.0
Invocations    | 3 4 6 9 10 12 13 14 | 14.0
Polearms       | 1 2 3 4 5 7 |  7.3
Shields        | 1 3 4 5 7 8 9 11 12 13 14 | 14.0
Armour         | 3 6 7 8 10 12 | 12.3
Stealth        | 3 |  3.6
Fighting       | 4 9 10 11 13 | 13.0
Long Blades    | 7 12 | 12.2
Evocations     | 6 7 |  7.0
Spellcasting   | 2 |  2.4
Axes           | |  2.0

Action                   |  1- 3 |  4- 6 |  7- 9 | 10-12 | 13-15 || total
-------------------------+-------+-------+-------+-------+-------++-------
Melee: Hand axe          |    89 |       |       |       |       ||    89
       Spear             |    12 |    85 |   168 |   306 |       ||   571
       Double sword      |       |       |       |   100 |   681 ||   781
Invok: Depart the Abyss  |     1 |       |       |       |       ||     1
       Banish            |       |       |       |     9 |    12 ||    21
       Bend Space        |       |       |       |     1 |       ||     1
       Corrupt           |       |       |       |       |     1 ||     1
Evoke: Wand              |       |       |       |       |     2 ||     2
  Use: Scroll            |     3 |     4 |     3 |     5 |     2 ||    17
 Stab: Sleeping          |     1 |     3 |       |       |       ||     4
       Distracted        |       |       |     1 |     1 |       ||     2
       Petrified         |       |       |       |       |     1 ||     1
Armor: Leather armour    |    32 |    25 |       |       |       ||    57
       Steam dragon scal |       |     2 |     2 |       |       ||     4
       Plate armour      |       |       |    80 |   188 |   268 ||   536
Dodge: Dodged            |    66 |    21 |    32 |   104 |   258 ||   481
Block: Buckler           |     5 |    10 |    77 |   182 |   329 ||   603

Table legend: (Time is in decaauts)
 A = Elapsed time spent in this place.
 B = Non-inter-level travel time spent in this place.
 C = Inter-level travel time spent in this place.
 D = Time resting spent in this place.
 E = Time spent auto-exploring this place.
 F = Levels seen in this place.
 G = Mean time per level.
                   A        B        C        D        E       F      G
               +--------+--------+--------+--------+--------+-----+--------+
         Total |  24306 |  23317 |    989 |   6396 |  10804 |  21 | 1157.4 |
       Dungeon |  12997 |  12313 |    684 |   2084 |   7319 |  12 | 1083.1 |
          Lair |   9608 |   9319 |    289 |   3716 |   3201 |   6 | 1601.3 |
  Orcish Mines |   1700 |   1685 |     15 |    595 |    283 |   2 |  850.0 |
         Abyss |      0 |      0 |      0 |      0 |      0 |   1 |    0.0 |
               +--------+--------+--------+--------+--------+-----+--------+

Top non-repeatable levels by time:
  Lair:5: 2144 daAuts
  Lair:1: 2080 daAuts
    D:11: 1704 daAuts
     D:9: 1676 daAuts
  Lair:6: 1668 daAuts
    D:10: 1574 daAuts
  Lair:3: 1312 daAuts
  Lair:4: 1268 daAuts
   Orc:2: 1185 daAuts
  Lair:2: 1134 daAuts
     D:6: 1053 daAuts
     D:1: 1052 daAuts
     D:7: 997 daAuts
     D:8: 994 daAuts
     D:4: 940 daAuts
